 Dungeon Crawl Stone Soup version 0.30-a0-859-gf88a04b (webtiles) character file.

Game seed: 10959652175768663281

161 Think the Ducker (level 5, -1/54 HPs)
             Began as an Octopode Fighter on Mar 6, 2023.
             Slain by Duvessa
             ... wielding a +0 short sword
              (6 damage)
             ... on level 4 of the Dungeon.
             The game lasted 00:04:56 (3056 turns).

Think the Ducker (Octopode Fighter)                 Turns: 3056, Time: 00:04:59

Health: -1/54      AC:  3    Str: 16    XL:     5   Next: 42%
Magic:  5/5        EV: 15    Int: 16    God:
Gold:   264        SH:  4    Dex: 13    Spells: 2/4 levels left

rFire   . . .      SeeInvis .    a - +1 long sword
rCold   . . .      Faith    .    b - +0 buckler
rNeg    . . .      Spirit   .    (helmet restricted)
rPois   .          Reflect  .    (no amulet)
rElec   .          Rampage  .    q - +6 ring of intelligence
rCorr   .                        (no ring)
Will    .....                    (no ring) Stlth
                                 (no ring)
HPRegen 0.29/turn                (no ring)
MPRegen 0.09/turn                (no ring)
                                 (no ring)
                                 (no ring)

@: mighty, berserking, very quick
A: almost no armour, amphibious, 8 rings, camouflage 1, gelatinous body 1,
(nimble swimmer 1), tentacles, iridescent scales 1
a: no special abilities


You were on level 4 of the Dungeon.
You visited 1 branch of the dungeon, and saw 4 of its levels.

You collected 264 gold pieces.

Inventory:

Hand Weapons
 a - a +1 long sword (weapon)
Armour
 b - a +0 buckler (worn)
Jewellery
 k - a ring of positive energy
 p - a ring of ice
 q - a +6 ring of intelligence (left tentacle)
Scrolls
 e - a scroll of enchant weapon
 h - a scroll of brand weapon {unknown}
 i - a scroll of amnesia
 m - a scroll of teleportation {unknown}
 n - a scroll of noise {unknown}
Potions
 c - a potion of might
 f - 2 potions of mutation
 g - a potion of lignification {unknown}
 j - a potion of cancellation {unknown}
 l - a potion of attraction {unknown}
 o - a potion of heal wounds {unknown}


   Skills:
 - Level 3.0 Fighting
 - Level 2.0 Long Blades
 + Level 5.9 Dodging
 - Level 3.0 Shields


You had 2 spell levels left.
You knew the following spells:

 Your Spells              Type           Power      Damage    Failure   Level
a - Blink                 Tloc           0%         N/A       45%         2

Your spell library contained the following spells:

 Spells                   Type           Power      Damage    Failure   Level
 Manifold Assault         Tloc           0%         N/A       97%         4
 Fireball                 Conj/Fire      0%         3d3       100%        5
 Iskenderun's Battlesphe  Conj           0%         2d6       100%        5
 Conjure Ball Lightning   Conj/Air       0%         3x3d6     100%        6
 Orb of Destruction       Conj           0%         9d5       100%        7
 Storm Form               Tmut/Air       0%         N/A       100%        7


Dungeon Overview and Level Annotations

Branches:
Dungeon (4/15)
 Temple: D:4-7

Altars:
Vehumet
Xom

Annotations:
D:4 Dowan, Duvessa


Innate Abilities, Weirdness & Mutations

You cannot wear most types of armour.
You are amphibious.
You can wear up to eight rings at the same time.
Your skin changes colour to match your surroundings (Stealth+).
Your rubbery body absorbs attacks. (AC +1, EV +1)
((You are camouflaged when in or above water. (Stealth+)))
You have tentacles for arms and can constrict up to eight enemies at once.
You are partially covered in iridescent scales. (AC +2)


Message History

No target in view!
No target in view!
No target in view!
No target in view!
Key pressed, stopping explore.
You open the door.
Dowan, Brother of Duvessa comes into view.
He is wielding a +0 dagger.
Dowan is nearby!
Dowan is nearby!
There is an open door here.
Duvessa, Sister of Dowan comes into view.
She is wielding a +0 short sword.
Dowan shouts!
Duvessa says, "When magic and the sword combine, nothing stands against them."
Dowan gestures at you while chanting. The puff of flame hits you!
There is an open door here.
There is an open door here.
Dowan barely misses you. Duvessa closely misses you.
Dowan hits you but does no damage.
You feel very mighty all of a sudden. Dowan completely misses you.
Duvessa hits you with a +0 short sword.
You slash Duvessa! Your grab misses Duvessa.
Duvessa is moderately wounded.
Dowan closely misses you. Duvessa hits you with a +0 short sword!
You barely miss Duvessa. You grab Duvessa.
Duvessa is moderately wounded.
You constrict Duvessa. Duvessa hits you with a +0 short sword.
Dowan barely misses you. You block Dowan's attack.
Duvessa hits you with a +0 short sword!
* * * LOW HITPOINT WARNING * * *
Okay, then.
Okay, then.
It was a potion of berserk rage.
A red film seems to cover your vision as you go berserk!
You feel yourself moving faster!
You feel mighty!
You constrict Duvessa, but do no damage.
Dowan hits you with a +0 dagger.
* * * LOW HITPOINT WARNING * * *
Duvessa hits you with a +0 short sword.
You die...

#. #.# #.# #.##.## #.#
.. . ......###+## .# .#
......##...## .# #.#
......#.....## .#...#
.............####.#...##
..............##........
..............'.ee......
..............##@#.....
.............###.# ##.
......#.....## #.#
.#######...## #.. .
##+## ###


You could see Duvessa and Dowan.

Vanquished Creatures
  Jessica (D:2)
  An orc wizard (D:3)
  3 gnolls (D:3)
  An adder (D:3)
  3 worms (D:2)
  9 orcs
  6 ball pythons
  5 endoplasms
  4 goblins
  2 hobgoblins (D:2)
  2 jackals (D:3)
  7 kobolds
  A quokka (D:2)
  5 bats
  A frilled lizard (D:3)
  7 rats
58 creatures vanquished.

Vanquished Creatures (others)
  A plant (D:1)
1 creature vanquished.

Grand Total: 59 creatures vanquished

Notes
Turn   | Place    | Note
-------+----------+-------------------------------------------
     0 | D:1      | Think the Octopode Fighter began the quest for the Orb.
     0 | D:1      | Reached XP level 1. HP: 16/16 MP: 1/1
   422 | D:1      | Reached XP level 2. HP: 21/21 MP: 2/2
   982 | D:2      | Found a radiant altar of Vehumet.
  1161 | D:2      | Noticed Jessica
  1164 | D:2      | Killed Jessica
  1165 | D:2      | Reached skill level 4 in Dodging
  1165 | D:2      | Reached XP level 3. HP: 22/26 MP: 3/3
  1515 | D:2      | Reached XP level 4. HP: 31/31 MP: 4/4
  1784 | D:3      | Found a faded altar of an unknown god.
  1861 | D:3      | Learned a level 2 spell: Blink
  1942 | D:3      | Gained mutation: Your flesh is heat resistant. (rF+)
                  | [potion of mutation]
  1942 | D:3      | Lost mutation: Your flesh is heat resistant. (rF+) [potion
                  | of mutation]
  1942 | D:3      | Gained mutation: You are partially covered in iridescent
                  | scales. (AC +2) [potion of mutation]
  1955 | D:3      | Reached skill level 5 in Dodging
  2005 | D:3      | Found a shimmering altar of Xom.
  2179 | D:3      | Reached XP level 5. HP: 16/36 MP: 5/5
  3045 | D:4      | Noticed Dowan
  3047 | D:4      | Noticed Duvessa
  3056 | D:4      | Slain by Duvessa

Illustrated notes

Levels and vault maps discovered:
D:1:      denvon_arrival_hothouse, layout_loops_cross, serial_forest,
          infiniplex_forest_clump_curved, infiniplex_forest_lined_3,
          infiniplex_forest_clump_diagonal, infiniplex_forest_zigzag_1,
          infiniplex_forest_lined_3, infiniplex_forest_lined_corner,
          infiniplex_forest_lined_3_way, infiniplex_forest_zigzag_2,
          infiniplex_forest_lined_ring, infiniplex_forest_join,
          serial_bayou_lagoon_a, minmay_misc_feat_cross
D:2:      layout_basic, basic_altar, uniq_jessica
D:3:      layout_loops_corners, xom_teletrap_fun, ebering_ecumenical_altar_box
D:4:      minmay_door_path, layout_loops_corners, palyth_temple_overflow_mages,
          mainiacjoe_overflow_catwalk, uniq_duvessa

Skill      XL: |  1  2  3  4 |
---------------+-------------+-----
Dodging        | 4 5 |  5.9
Fighting       | |  3.0
Long Blades    | |  2.0
Shields        | |  3.0

Action                     |  1- 3 |  4- 6 || total
---------------------------+-------+-------++-------
  Melee: Long sword        |    43 |    72 ||   115
         Constrict         |    11 |    17 ||    28
         Tentacles         |     8 |    13 ||    21
         Punch             |       |     1 ||     1
    Use: Potion            |       |     5 ||     5
         Scroll            |       |     2 ||     2
   Stab: Sleeping          |     6 |     1 ||     7
 Armour: Skin              |       |    12 ||    12
  Dodge: Dodged            |    27 |    53 ||    80
  Block: Buckler           |     5 |    14 ||    19

Table legend: (Time is in decaauts)
 A = Elapsed time spent in this place.
 B = Non-inter-level travel time spent in this place.
 C = Inter-level travel time spent in this place.
 D = Time resting spent in this place.
 E = Time spent auto-exploring this place.
 F = Levels seen in this place.
 G = Mean time per level.
                   A        B        C        D        E       F      G
               +--------+--------+--------+--------+--------+-----+--------+
         Total |   3094 |   3008 |     86 |    150 |   2411 |   4 |  773.5 |
       Dungeon |   3094 |   3008 |     86 |    150 |   2411 |   4 |  773.5 |
               +--------+--------+--------+--------+--------+-----+--------+

Top non-repeatable levels by time:
     D:3: 1018 daAuts
     D:1: 986 daAuts
     D:2: 783 daAuts
     D:4: 305 daAuts
